 Dungeon Crawl Stone Soup version 0.29.1-12-g30fa7ad0bf (webtiles) character file.

Game seed: 486613459860530933

3073 javelincjr the Cleaver (level 9, -5/80 HPs)
             Began as a Hill Orc Fighter on Dec 12, 2022.
             Was a Follower of Okawaru.
             Killed from afar by an electric eel (7 damage)
             ... with a bolt of electricity
             ... on level 8 of the Dungeon.
             The game lasted 00:47:30 (8442 turns).

javelincjr the Cleaver (Hill Orc Fighter)           Turns: 8442, Time: 00:47:31

Health: -5/80      AC: 18    Str: 18    XL:     9   Next: 88%
Magic:  0/9        EV: 10    Int: 10    God:    Okawaru [*.....]
Gold:   454        SH:  6    Dex: 18    Spells: 8/8 levels left

rFire   . . .      SeeInvis .   a - +5 war axe (venom)
rCold   . . .      Faith    .   c - +0 buckler
rNeg    . . .      Spirit   +   q - +2 scale mail {Will+}
rPois   .          Reflect  .   j - +0 helmet {Int+3}
rElec   .          Harm     .   p - +2 cloak
rCorr   +          Rampage  .   (no gloves)
Will    +....                   A - +2 pair of boots
Stlth   +.........              k - amulet of guardian spirit
HPRegen 1.03/turn               x - ring of resist corrosion
MPRegen 0.11/turn               y - ring of flight

@: flying, slowed, unable to drink, very slow
A: agile 1, regeneration 1, inability to drink after injury 1
a: Renounce Religion, Heroism


You were on level 8 of the Dungeon.
You worshipped Okawaru.
Okawaru was aware of your devotion.
You visited 2 branches of the dungeon, and saw 9 of its levels.

You collected 454 gold pieces.

Inventory:

Hand Weapons
 a - a +5 war axe of venom (weapon)
 e - a +2 dagger of venom
 u - a +2 antimagic short sword
Missiles
 f - 54 stones (quivered)
 i - 5 atropa-tipped darts
 m - 6 boomerangs
 o - 4 poisoned darts
 C - a throwing net
Armour
 b - a scarf of invisibility
 c - a +0 buckler (worn)
 j - a +0 helmet of intelligence (worn)
 p - a +2 cloak (worn)
 q - a +2 scale mail of willpower (worn)
 A - a +2 pair of boots (worn)
Jewellery
 k - an amulet of guardian spirit (around neck)
 x - a ring of resist corrosion (left hand)
 y - a ring of flight (right hand)
Wands
 l - a wand of iceblast (11)
 n - a wand of flame (21)
 t - a wand of digging (4)
Scrolls
 r - 3 scrolls of magic mapping
 s - 5 scrolls of identify
 v - 3 scrolls of butterflies
 z - a scroll of noise
 B - 4 scrolls of teleportation {unknown}
 E - a scroll of poison {unknown}
Potions
 d - 2 potions of might
 g - 4 potions of curing
 h - a potion of invisibility
 w - a potion of ambrosia
 D - a potion of brilliance


   Skills:
 + Level 7.6 Fighting
 + Level 11.7 Axes
 + Level 0.1 Throwing
 + Level 7.4 Armour
 + Level 2.6 Dodging
 + Level 2.1 Stealth
 + Level 5.3 Shields


You had 8 spell levels left.
You didn't know any spells.
Your spell library contained the following spells:

 Spells                   Type           Power      Damage    Failure   Level
 Slow                     Hex            0%         N/A       80%         1
 Sting                    Tmut/Pois      0%         1d3       80%         1
 Poisonous Vapours        Pois/Air       0%         N/A       90%         2
 Confusing Touch          Hex            0%         N/A       99%         3
 Conjure Flame            Conj/Fire      0%         6-21      99%         3
 Ignite Poison            Fire/Tmut/Pois 0%         N/A       99%         3
 Inner Flame              Hex/Fire       0%         N/A       99%         3
 Mephitic Cloud           Conj/Pois/Air  0%         N/A       99%         3
 Vampiric Draining        Necr           0%         2d6       99%         3
 Cause Fear               Hex            0%         N/A       100%        4
 Corpse Rot               Necr/Pois/Air  0%         N/A       100%        4
 Olgreb's Toxic Radiance  Pois           0%         N/A       100%        4
 Sticky Flame             Conj/Fire      0%         2d3       100%        4
 Freezing Cloud           Conj/Ice/Air   0%         6-21      100%        5
 Discord                  Hex            0%         N/A       100%        8
 Malign Gateway           Summ/Tloc      Unusable   N/A       N/A         7
 Summon Horrible Things   Summ           Unusable   N/A       N/A         8

Dungeon Overview and Level Annotations

Branches:
Dungeon (8/15)             Temple (1/1) D:6
   Lair: D:8-11

Altars:
Ashenzari
Cheibriados
Elyvilon
Fedhas
Gozag
Makhleb
Nemelex Xobeh
Okawaru
Sif Muna
Trog
Vehumet
Wu Jian
Xom
Yredelemnul
Zin

Shops:
D:1 *

Annotations:
D:8 Joseph


Innate Abilities, Weirdness & Mutations

You are agile. (Dex +4, Str/Int -1)
Your natural rate of healing is unusually fast.
You occasionally lose the ability to drink potions when taking damage.


Message History

You barely miss the hornet.
The hornet is heavily wounded.
You slash the orc warrior!
You kill the orc warrior!
Okawaru accepts your kill.
You closely miss something.
The hornet stings you but does no damage.
Something hits you but does no damage.
The electric eel shoots out a bolt of lightning at you!
The bolt of electricity hits you!
You feel threatened and lose the ability to drink potions!
* * * LOW HITPOINT WARNING * * *
Joseph shoots a sling bullet.
The sling bullet closely misses you.
The hornet stings you but does no damage.
Something hits you but does no damage.
The electric eel shoots out a bolt of lightning at you!
The bolt of electricity hits you!
* * * LOW HITPOINT WARNING * * *
Joseph zaps a wand.
The bolt of dispelling energy misses you.
You slash something! Okawaru accepts your kill.
Reactivating autopickup.
You feel a bit more experienced.
You slash the hornet! You block the hornet's attack.
The electric eel shoots out a bolt of lightning at you!
The bolt of electricity hits you.
* * * LOW HITPOINT WARNING * * *
You block the hornet's attack.
Joseph shoots a sling bullet.
The sling bullet barely misses you. The hornet attacks as you move away!
The hornet stings you but does no damage.
The electric eel shoots out a bolt of lightning at you!
The bolt of electricity hits you.
* * * LOW HITPOINT WARNING * * *
Joseph shoots a sling bullet.
You block the sling bullet. The hornet barely misses you.
The electric eel shoots out a bolt of lightning at you!
The bolt of electricity hits you!
You die...

#. #...~~≈~~~..#
..#####+...~~≈......
..........S~≈~~.#
............≈~~.#
#.......)@~~~.#
##......~≈~~...#
##..).~~≈~≈~..# #...
##....~~~≈≈~~.# #...
##.@y).~P≈≈≈~..# #...
##.....~~P≈≈~~~..#
#...##...##..~~≈≈P.....
#.......##..~~≈≈≈~...
##......###)~~P≈≈≈≈...
...........)~~~≈≈≈≈..
.##..<....~~≈≈~≈~~
#........~≈≈~~..
##......≈≈≈~≈~P.


You could see Joseph, a hornet (poisoned) and an electric eel.

Vanquished Creatures
  Prince Ribbit (D:5)
  Menkaure (D:7)
  A water moccasin (D:5)
  2 ogres
  An orc warrior (D:8)
  2 sky beasts (D:7)
  2 ice beasts
  The ghost of Cecrops the Ruffian, an amateur DrTm (D:4)
  A phantom (D:4)
  3 scorpions (D:5)
  2 necrophages
  6 wights
  5 killer bees (D:7)
  A howler monkey (D:4)
  2 electric eels (D:8)
  5 hounds
  4 jellies
  A gnoll bouda (D:7)
  An orc priest (D:8)
  Crazy Yiuf (D:3)
  7 iguanas
  3 orc wizards
  Ijyb (D:3)
  Natasha (twice) (D:2)
  A mummy (D:3)
  Robin (D:2)
  3 gnolls (D:7)
  3 adders
  4 shadow imps
  3 ufetubi
  A worm (D:4)
  7 dart slugs
  16 orcs
  2 ball pythons (D:2)
  3 bats
  6 endoplasms
  2 giant cockroaches
  16 goblins
  9 hobgoblins
  2 jackals (D:4)
  2 quokkas (D:5)
  5 frilled lizards (D:2)
  10 kobolds
  6 rats
158 creatures vanquished.

Vanquished Creatures (collateral kills)
  A hobgoblin (D:2)
  A kobold (D:2)
2 creatures vanquished.

Vanquished Creatures (others)
  4 plants (D:8)
  A withered plant (D:3)
5 creatures vanquished.

Grand Total: 165 creatures vanquished

Notes
Turn   | Place    | Note
-------+----------+-------------------------------------------
     0 | D:1      | javelincjr the Hill Orc Fighter began the quest for the
                  | Orb.
     0 | D:1      | Reached XP level 1. HP: 19/19 MP: 1/1
   321 | D:1      | Reached XP level 2. HP: 22/27 MP: 2/2
   610 | D:1      | Found Ilitoat's General Store.
   789 | D:1      | Reached skill level 3 in Axes
  1397 | D:2      | Found a faded altar of an unknown god.
  1400 | D:2      | Reached XP level 3. HP: 33/33 MP: 3/3
  1684 | D:2      | Noticed Natasha
  1693 | D:2      | Killed Natasha
  1694 | D:2      | Reached skill level 1 in Dodging
  1694 | D:2      | Reached XP level 4. HP: 39/40 MP: 4/4
  1957 | D:2      | Noticed Robin
  1962 | D:2      | Killed Robin
  1963 | D:2      | Reached skill level 4 in Axes
  2461 | D:3      | Found a burning altar of Makhleb.
  2486 | D:3      | Found a basalt altar of Yredelemnul.
  2504 | D:3      | Noticed Ijyb
  2505 | D:3      | Reached XP level 5. HP: 39/46 MP: 3/5
  2520 | D:3      | Killed Ijyb
  2639 | D:2      | Noticed Natasha
  2645 | D:2      | Killed Natasha
  2818 | D:3      | Reached skill level 5 in Axes
  3413 | D:3      | Found a snail-covered altar of Cheibriados.
  3761 | D:3      | Found a runed translucent door.
  3762 | D:3      | Noticed Crazy Yiuf
  3769 | D:3      | Killed Crazy Yiuf
  3770 | D:3      | Reached XP level 6. HP: 23/53 MP: 3/6
  4507 | D:4      | Found a large runed translucent door.
  4508 | D:4      | Found a large runed translucent door.
  4508 | D:4      | Noticed Cecrops's ghost (amateur DrTm)
  4522 | D:4      | Killed Cecrops's ghost
  5023 | D:4      | Reached skill level 6 in Axes
  5204 | D:4      | Reached XP level 7. HP: 60/60 MP: 7/7
  5267 | D:4      | Found a radiant altar of Vehumet.
  5431 | D:4      | Reached skill level 5 in Armour
  5689 | D:5      | Entered Level 5 of the Dungeon
  5716 | D:5      | Reached skill level 7 in Axes
  5718 | D:5      | Reached skill level 5 in Fighting
  5735 | D:5      | Noticed Prince Ribbit
  5768 | D:5      | Killed Prince Ribbit
  5769 | D:5      | Reached skill level 8 in Axes
  5769 | D:5      | Reached XP level 8. HP: 68/68 MP: 8/8
  6042 | D:5      | Reached skill level 9 in Axes
  6198 | D:5      | Found a shimmering altar of Xom.
  6296 | D:5      | Identified the +5 dagger "Bedukh" {venom, Drain rPois
                  | Int+4}
  7236 | D:6      | Reached skill level 10 in Axes
  7242 | D:6      | Reached XP level 9. HP: 49/78 MP: 6/9
  7443 | D:6      | Gained mutation: Your natural rate of healing is unusually
                  | fast. [potion of mutation]
  7443 | D:6      | Gained mutation: You occasionally lose the ability to drink
                  | potions when taking damage. [potion of mutation]
  7443 | D:6      | Gained mutation: You are agile. (Dex +4, Str/Int -1)
                  | [potion of mutation]
  7468 | D:6      | Found a staircase to the Ecumenical Temple.
  7476 | Temple   | Entered the Ecumenical Temple
  7547 | Temple   | Became a worshipper of Warmaster Okawaru
  7764 | D:7      | Found a shimmering altar of Xom.
  7893 | D:7      | Noticed Menkaure
  7901 | D:7      | Killed Menkaure
  7902 | D:7      | Reached skill level 11 in Axes
  8021 | D:7      | Reached * piety under Okawaru
  8024 | D:7      | Reached skill level 1 in Stealth
  8026 | D:7      | Reached skill level 5 in Shields
  8426 | D:8      | Noticed a hornet
  8426 | D:8      | Noticed Joseph
  8442 | D:8      | HP: 2/80 [electric eel/bolt of electricity (4)]
  8442 | D:8      | Killed from afar by an electric eel

Illustrated notes

Levels and vault maps discovered:
D:1:      dpeg_arrival_stone_temple_mockup, layout_loops_corners, serial_shops,
          shop
D:2:      minmay_general_purpose_star, layout_loops_corners,
          hellmonk_ecumenical_altar_lost_god, grunt_ministairs_11, uniq_robin,
          uniq_natasha
D:3:      layout_loops_corners, yredelemnul_altar_generic, slow_altar_2,
          lightli_temple_of_fire, moated_statue, kennysheep_cluttered_room,
          uniq_crazy_yiuf_cottage, uniq_ijyb
D:4:      layout_loops_corners, nicolae_vehumet_altar_sigil,
          ebering_ghost_disaster_area, chequers_serial_rivers_micro_b,
          minmay_quadrilaterals
D:5:      layout_layer_cave, minivault_5, ebering_dispersal_statue_hall,
          minmay_ruined_shrine, uniq_prince_ribbit1
D:6:      layout_cave_pools, minmay_temple_entry_mini_moons
D:7:      layout_rooms, xom_teletrap_fun, uniq_menkaure
D:8:      layout_layer_cave, nicolae_overflow_two_pavilions,
          nicolae_qazlal_scattered_showers, serial_rivers,
          chequers_serial_rivers_micro_a, chequers_serial_rivers_small_a,
          chequers_serial_rivers_room_a, chequers_serial_rivers_small_b,
          chequers_big_river, uniq_grum, uniq_joseph, uniq_erica
Temple:   eino_wide_crystal_templ

Skill      XL: |  1  2  3  4  5  6  7  8  9 |
---------------+----------------------------+-----
Axes           | 3 4 5 6 8 10 11 | 11.7
Fighting       | 4 5 6 7 |  7.6
Dodging        | 1 2 |  2.6
Armour         | 4 5 6 7 |  7.4
Shields        | 4 5 |  5.3
Stealth        | 2 |  2.1
Throwing       | |  0.1

Action                   |  1- 3 |  4- 6 |  7- 9 || total
-------------------------+-------+-------+-------++-------
Melee: War axe           |   108 |   158 |   230 ||   496
Throw: Stone             |       |     7 |       ||     7
  Use: Scroll            |       |     7 |    11 ||    18
       Potion            |       |     4 |     2 ||     6
Armor: Scale mail        |    56 |    65 |   105 ||   226
       Skin              |       |     2 |       ||     2
Dodge: Dodged            |    38 |    52 |   104 ||   194
Block: Buckler           |    24 |    26 |    65 ||   115
